Map: 紫晶浪漫-天梯版

Players

wanted

  • Race: Zerg Zerg

Cyan - Winner!

  • Race: Protoss Protoss
  • League: Master

Event: DreamHack SC2 Masters 2020 Winter

VOD

Have the link to the VOD?

Description

Time

  • Played on: Oct. 16, 2020, 8:02 a.m.
  • Length: 19:52

All games in this series

Show
View Real Time Build Order
Export as new Build Order

wanted Zerg 

Build Orders: Hatch First, Lurkers, Roach Hydra 

Get SALT Encoding   

  12  0:00  Drone  
  13  0:09  Drone  
  14  0:16  Overlord  
  14  0:24  Drone, Extractor  
  15  0:35  Drone  
  16  0:48  Hatchery  
  15  0:51  Drone  
  15  0:54  Drone  
  17  0:57  Drone  
  18  1:10  Extractor  
  17  1:13  Spawning Pool  
  17  1:16  Drone  
  17  1:21  Drone  
  18  1:28  Drone  
  19  1:38  Drone  
  20  1:50  Hatchery  
  20  1:53  Drone  
  20  2:03  Queen  
  22  2:09  Drone x2  
  22  2:15  Metabolic Boost  
  24  2:26  Drone  
  24  2:27  Drone  
  26  2:31  Overlord  
  26  2:34  Zergling x4  
  28  2:48  Queen  
  28  2:49  Queen  
  32  2:51  Drone x2  
  32  2:57  Drone x2  
  36  3:04  Overlord  
  36  3:07  Queen  
  36  3:10  Drone  
  39  3:14  Drone x2  
  41  3:21  Drone  
  41  3:24  Drone  
  41  3:25  Queen  
  45  3:29  Drone x3  
  50  3:41  Drone x2  
  50  3:42  Overlord  
  50  3:48  Drone, Spore Crawler  
  50  4:02  Zergling x8  
  54  4:06  Roach Warren  
  54  4:09  Overlord  
  53  4:10  Zergling x2  
  53  4:11  Zergling x8  
  53  4:15  Spore Crawler x2  
  56  4:19  Overlord  
  56  4:20  Overlord  
  56  4:21  Drone x2  
  58  4:31  Drone x6  
  64  4:37  Spore Crawler  
  60  4:39  Drone x5  
  60  4:42  Drone  
  60  4:44  Lair  
  67  4:47  Evolution Chamber  
  67  4:48  Drone  
  67  4:50  Overlord  
  67  4:55  Drone x2  
  67  4:56  Drone x2  
  69  5:02  Overlord  
  69  5:03  Extractor  
  69  5:05  Extractor  
  69  5:06  Drone  
  65  5:09  Drone  
  65  5:10  Overlord  
  65  5:11  Drone x4  
  67  5:14  Zerg Missile Weapons Level 1  
  67  5:15  Drone  
  67  5:16  Drone  
  67  5:19  Drone  
  69  5:37  Extractor  
  69  5:38  Drone x5, Extractor  
  69  5:40  Overlord  
  69  5:42  Hatchery  
  70  5:43  Drone x3  
  70  5:44  Drone x2  
  75  5:53  Glial Reconstitution  
  75  5:54  Infestation Pit, Overseer  
  75  5:55  Pneumatized Carapace  
  75  5:57  Drone x3, Extractor  
  73  5:58  Roach x2  
  73  6:03  Overlord x2  
  80  6:06  Overseer  
  80  6:07  Roach  
  80  6:08  Roach  
  84  6:15  Overlord x2  
  84  6:16  Overlord x2  
  84  6:17  Overlord  
  86  6:18  Roach  
  86  6:23  Roach x3  
  92  6:26  Zergling x2  
  92  6:27  Roach  
  92  6:32  Hive  
  95  6:35  Hydralisk Den  
  95  6:36  Roach  
  95  6:38  Queen  
  98  6:42  Spore Crawler  
  98  6:46  Queen  
  99  6:52  Drone  
  99  6:53  Drone x2, Spore Crawler  
  101  6:54  Queen  
  101  7:01  Overlord  
  103  7:02  Drone x6  
  103  7:06  Overseer  
  107  7:10  Overlord  
  107  7:11  Hydralisk  
  107  7:12  Hydralisk  
  107  7:13  Grooved Spines  
  111  7:17  Lurker Den  
  111  7:21  Hydralisk x3  
  116  7:24  Drone x2  
  118  7:30  Drone x5  
  118  7:31  Drone  
  118  7:32  Drone  
  118  7:33  Drone  
  125  7:43  Extractor x2  
  123  7:45  Drone x2  
  123  7:48  Viper x2  
  123  7:50  Zerg Missile Weapons Level 2  
  131  7:55  Hydralisk x4  
  137  8:00  Hydralisk x2  
  141  8:07  Extractor  
  141  8:08  Drone x3, Spore Crawler  
  141  8:10  Spore Crawler, Overlord x4  
  141  8:11  Overlord  
  141  8:16  Overlord  
  141  8:19  Extractor  
  140  8:20  Hatchery  
  140  8:23  Drone x2, Zergling x2  
  140  8:24  Drone x3  
  145  8:28  Seismic Spines  
  145  8:30  Muscular Augments  
  145  8:33  Overseer  
  145  8:37  Hydralisk  
  145  8:38  Hydralisk x2  
  151  8:44  Drone x3, Hydralisk x2  
  158  8:52  Hydralisk x4  
  166  9:09  Viper  
  169  9:10  Viper  
  169  9:11  Overlord x2  
  169  9:13  Spine Crawler  
  169  9:14  Spine Crawler  
  169  9:16  Evolution Chamber x2  
  168  9:23  Lurker x2, Zergling x24  
  182  9:32  Adaptive Talons  
  182  9:33  Lurker  
  182  9:36  Extractor  
  182  9:37  Extractor  
  180  9:38  Lurker  
  180  9:40  Zergling x24  
  193  9:50  Lurker x3  
  196  10:05  Hydralisk x2  
  199  10:08  Spine Crawler  
  199  10:11  Spine Crawler  
  199  10:13  Drone  
  199  10:14  Drone x4  
  198  10:21  Hydralisk x3  
  191  10:35  Lurker x7, Hydralisk  
  194  10:45  Overlord x2  
  194  10:55  Zerg Missile Weapons Level 3  
  193  10:58  Hatchery  
  192  11:05  Hatchery  
  192  11:06  Hatchery, Spine Crawler  
  192  11:07  Spine Crawler x2, Hydralisk x7  
  192  11:10  Spine Crawler x3  
  192  11:11  Spine Crawler  
  183  11:15  Drone x9  
  183  11:16  Drone  
  187  11:27  Lurker x7  
  183  11:44  Drone x10  
  183  11:45  Drone x2  
  181  11:49  Hydralisk x4  
  165  12:01  Drone x2  
  165  12:10  Hydralisk x5  
  160  12:22  Lurker x4  
  164  12:29  Hydralisk x8  
  180  12:35  Overseer x2  
  180  12:39  Hydralisk x3  
  186  12:46  Drone x5  
  186  12:51  Spine Crawler  
  190  12:52  Unknown  
  190  12:55  Overseer  
  190  12:57  Spire  
  188  13:03  Hydralisk x2  
  190  13:16  Hydralisk x5  
  200  13:33  Zerg Ground Armor Level 1  
  200  13:40  Hydralisk x6  
  189  13:42  Hydralisk x3  
  189  13:43  Overseer  
  189  13:44  Overseer  
  148  13:50  Hydralisk x3  
  130  14:05  Hydralisk x7  
  130  14:07  Overseer  
  136  14:16  Overseer  
  128  14:24  Spore Crawler  
  127  14:34  Lurker x3  
  127  14:35  Lurker x5, Hatchery  
  134  14:50  Spore Crawler  
  134  14:51  Spine Crawler  
  132  14:52  Hatchery  
  131  15:04  Hydralisk x3  
  137  15:11  Hydralisk x2  
  141  15:17  Spore Crawler  
  141  15:19  Hydralisk x3  
  141  15:21  Unknown  
  145  15:31  Hydralisk x4  
  153  15:40  Spine Crawler  
  152  15:46  Drone x7  
  159  15:51  Drone  
  159  15:57  Lurker  
  161  16:02  Zerg Flyer Armor Level 1  
  161  16:09  Lurker x5  
  166  16:13  Overseer  
  166  16:14  Hydralisk  
  166  16:16  Zergling x16  
  174  16:29  Corruptor x2  
  172  16:33  Drone  
  172  16:35  Spore Crawler x2  
  172  16:36  Spore Crawler  
  167  16:44  Drone x7  
  170  16:55  Drone x3  
  170  16:56  Spine Crawler  
  170  16:57  Spine Crawler  
  170  16:59  Spore Crawler  
  170  17:05  Drone x3  
  173  17:09  Corruptor x3  
  179  17:17  Overseer  
  179  17:21  Corruptor  
  179  17:31  Overlord x3  
  179  17:43  Corruptor, Overlord  
  181  17:53  Corruptor x7  
  195  18:03  Drone x5  
  198  18:07  Spore Crawler  
  198  18:08  Spore Crawler  
  194  18:24  Overlord  
  191  18:27  Lurker Den  
  180  18:36  Corruptor x4  
  180  18:40  Hydralisk x4  
  181  18:59  Zergling x18  
  181  19:01  Hydralisk x3  
  190  19:12  Hydralisk x3  
  137  19:30  Lurker x3  
Show
View Real Time Build Order
Export as new Build Order

Cyan Protoss - Winner!

Build Orders: 1 Gate Expand, Oracle Opening, Carriers 

Get SALT Encoding   

  12  0:00  Probe  
  13  0:12  Probe  
  14  0:17  Pylon  
  14  0:24  Probe (Chrono Boost)  
  15  0:36  Probe (Chrono Boost)  
  15  0:38  Gateway  
  16  0:45  Probe (Chrono Boost)  
  16  0:47  Assimilator  
  17  0:51  Probe  
  18  1:03  Probe  
  19  1:15  Probe  
  20  1:24  Nexus  
  20  1:33  Cybernetics Core  
  20  1:36  Probe  
  21  1:43  Assimilator  
  21  1:49  Probe  
  21  1:52  Pylon  
  22  2:01  Probe (Chrono Boost)  
  23  2:07  Adept (Chrono Boost)  
  23  2:09  Warp Gate  
  23  2:11  Probe (Chrono Boost)  
  26  2:16  Probe (Chrono Boost)  
  27  2:25  Stargate  
  27  2:29  Probe (Chrono Boost)  
  28  2:32  Stalker  
  28  2:36  Probe (Chrono Boost)  
  33  2:45  Probe x2 (Chrono Boost)  
  33  2:50  Probe (Chrono Boost)  
  33  2:52  Probe  
  35  3:02  Probe  
  35  3:04  Probe  
  35  3:05  Oracle (Chrono Boost)  
  37  3:10  Pylon  
  40  3:14  Probe  
  40  3:16  Probe  
  40  3:18  Gateway  
  42  3:20  Adept  
  42  3:26  Probe  
  45  3:28  Probe  
  45  3:33  Pylon, Oracle (Chrono Boost)  
  46  3:38  Probe  
  46  3:40  Probe  
  51  3:50  Probe  
  51  3:52  Probe  
  53  3:56  Nexus  
  53  3:59  Shield Battery  
  53  4:02  Probe, Void Ray  
  53  4:04  Probe  
  59  4:13  Adept  
  59  4:15  Probe  
  59  4:16  Pylon  
  62  4:21  Assimilator  
  62  4:24  Assimilator  
  62  4:28  Pylon  
  62  4:34  Probe x2  
  62  4:36  Void Ray (Chrono Boost)  
  66  4:46  Probe x2  
  68  4:53  Zealot x2  
  68  4:57  Stargate  
  68  4:58  Probe x2  
  74  5:00  Shield Battery  
  74  5:03  Pylon  
  70  5:10  Probe (Chrono Boost)  
  70  5:14  Probe (Chrono Boost)  
  73  5:15  Void Ray (Chrono Boost)  
  73  5:16  Probe (Chrono Boost)  
  73  5:20  Probe (Chrono Boost)  
  79  5:23  Probe (Chrono Boost)  
  79  5:26  Probe (Chrono Boost)  
  81  5:28  Assimilator  
  81  5:29  Probe (Chrono Boost)  
  81  5:31  Assimilator  
  81  5:33  Probe (Chrono Boost)  
  83  5:37  Protoss Air Weapons Level 1  
  83  5:38  Probe (Chrono Boost)  
  83  5:39  Probe x2 (Chrono Boost)  
  85  5:47  Probe x2, Void Ray (Chrono Boost)  
  85  5:49  Probe, Void Ray (Chrono Boost)  
  92  5:54  Gateway  
  96  5:58  Gateway  
  96  5:59  Probe x2  
  96  6:01  Probe  
  99  6:07  Pylon  
  99  6:11  Probe  
  100  6:12  Forge, Robotics Facility  
  100  6:14  Twilight Council  
  100  6:19  Void Ray  
  100  6:20  Void Ray  
  100  6:24  Pylon  
  100  6:28  Pylon  
  100  6:31  Gateway  
  100  6:32  Gateway  
  108  6:40  Charge  
  108  6:43  Pylon  
  108  6:44  Protoss Ground Weapons Level 1 (Chrono Boost)  
  108  6:57  Void Ray  
  108  7:03  Robotics Bay  
  108  7:06  Nexus  
  108  7:07  Pylon  
  108  7:08  Robotics Facility  
  112  7:09  Pylon  
  112  7:10  Pylon, Observer (Chrono Boost)  
  112  7:12  Zealot, Sentry  
  117  7:22  Pylon, Probe x3  
  120  7:23  Warp Prism (Chrono Boost)  
  122  7:34  Photon Cannon, Probe  
  122  7:35  Photon Cannon  
  123  7:37  Void Ray x2  
  123  7:39  Shield Battery  
  123  7:43  Shield Battery  
  131  7:45  Shield Battery  
  131  7:46  Photon Cannon  
  131  7:48  Gateway  
  131  7:49  Gateway  
  131  7:51  Extended Thermal Lance  
  131  7:58  Colossus (Chrono Boost)  
  137  8:14  Probe x2  
  137  8:15  Probe  
  137  8:16  Photon Cannon  
  137  8:17  Pylon  
  137  8:18  Assimilator  
  140  8:20  Assimilator  
  140  8:22  Templar Archives  
  140  8:26  Gateway, Probe  
  141  8:28  Gateway, Protoss Ground Weapons Level 2 (Chrono Boost)  
  141  8:29  Colossus (Chrono Boost)  
  147  8:37  Probe  
  148  8:42  Zealot x4  
  148  8:43  Zealot  
  158  8:49  Colossus (Chrono Boost)  
  164  9:00  Psionic Storm  
  156  9:11  High Templar x3  
  156  9:16  High Templar  
  162  9:24  Colossus (Chrono Boost), Zealot x4  
  162  9:25  Zealot  
  178  9:39  Zealot  
  178  9:41  Warp Prism (Chrono Boost)  
  182  9:45  Gravitic Drive (Chrono Boost)  
  182  9:50  High Templar x2  
  182  9:51  Zealot  
  188  9:54  Pylon  
  188  9:56  Pylon  
  188  10:03  Gateway  
  188  10:04  Gateway  
  188  10:05  Gateway  
  188  10:06  Gateway  
  188  10:13  Fleet Beacon  
  188  10:19  Stargate  
  170  10:40  Nexus  
  166  10:42  Pylon  
  166  10:47  Zealot  
  166  10:48  Zealot x9  
  186  10:52  Dark Shrine  
  186  10:55  Forge  
  184  10:58  Flux Vanes  
  181  11:13  Oracle  
  184  11:24  Carrier x2 (Chrono Boost)  
  196  11:48  Photon Cannon  
  196  11:49  Photon Cannon  
  196  11:50  Protoss Ground Weapons Level 3 (Chrono Boost)  
  196  11:51  Photon Cannon  
  196  11:53  Photon Cannon  
  190  11:55  Photon Cannon  
  190  11:57  Shield Battery  
  190  11:59  Zealot x4  
  190  12:00  Pylon  
  184  12:10  Zealot x5  
  184  12:11  Zealot x2  
  182  12:21  Carrier (Chrono Boost)  
  182  12:25  Carrier (Chrono Boost)  
  194  12:32  Assimilator, Probe x2  
  194  12:33  Shadow Stride (Chrono Boost)  
  194  12:34  Assimilator  
  188  12:45  Observer x2  
  188  12:48  Zealot x5  
  194  13:03  Dark Templar x4  
  194  13:04  Dark Templar x4  
  185  13:33  Dark Templar x4  
  159  13:47  Zealot  
  159  13:48  Zealot x7  
  153  13:52  Carrier x2 (Chrono Boost)  
  144  14:01  Carrier (Chrono Boost), Probe x4  
  160  14:09  Cybernetics Core  
  150  14:13  Assimilator, Probe x4  
  152  14:20  Cybernetics Core  
  148  14:26  Dark Templar x2  
  148  14:29  High Templar x7  
  166  14:33  Probe x3  
  166  14:34  Probe  
  171  14:45  Probe  
  171  14:46  Protoss Shields Level 1 (Chrono Boost)  
  171  14:54  Robotics Facility  
  171  14:56  Archon  
  171  14:59  Robotics Facility  
  171  15:03  Zealot x9  
  171  15:04  Zealot x2  
  193  15:08  Protoss Air Weapons Level 2 (Chrono Boost)  
  185  15:34  Nexus  
  173  15:36  Pylon, Zealot  
  173  15:37  Zealot x10  
  173  15:38  Pylon  
  193  16:13  Warp Prism  
  177  16:26  Colossus (Chrono Boost)  
  157  16:41  Oracle x2  
  149  16:47  Photon Cannon x2  
  149  16:48  Dark Templar x2  
  149  16:49  Photon Cannon, Dark Templar x9  
  149  16:50  Observer (Chrono Boost)  
  149  16:51  Photon Cannon  
  149  16:53  Photon Cannon, Archon x4  
  149  16:54  Archon, Shield Battery  
  168  16:55  Shield Battery  
  168  16:56  Shield Battery  
  168  16:58  Shield Battery  
  168  17:06  Observer (Chrono Boost)  
  169  17:16  Assimilator  
  169  17:17  Assimilator  
  169  17:35  Dark Templar x7  
  169  17:36  Dark Templar x4  
  191  17:39  Archon x4  
  191  17:40  Archon  
  191  17:46  Archon  
  179  18:24  Zealot x9  
  177  18:36  Assimilator  
  177  18:41  Assimilator  
  173  18:43  Observer x2  
  173  18:44  Zealot x7  
  173  18:45  Zealot x4  
  164  19:28  Dark Templar x7  
  164  19:29  Dark Templar x3  
  180  19:34  Probe x4  
Tags
 
Add a new tag
Caveats
  • Supply blocks, unpowered buildings, or Contaminate may cause inaccurate times.
  • Supply counts are checked every 10 seconds.